 Dungeon Crawl Stone Soup version 0.31-a0-640-g39d97e502b (webtiles) character file.

Game seed: 5706695446084632547

3578 qw the Skirmisher (level 10, 0/64 HPs)
             Began as a Gargoyle Hunter on Aug 27, 2023.
             Was a Priest of Okawaru.
             Slain by an unseen horror (1 damage)
             ... on level 10 of the Dungeon.
             The game lasted 00:02:27 (5931 turns).

qw the Skirmisher (Gargoyle Hunter)                 Turns: 5931, Time: 00:02:28

Health: 0/64       AC: 16    Str: 16    XL:     10   Next: 10%
Magic:  13/13      EV: 18    Int:  9    God:    Okawaru [***...]
Gold:   298        SH:  0    Dex: 23    Spells: 9/9 levels left

rFire   . . .        r - +2 orcbow (heavy)
rCold   . . .        (shield currently unavailable)
rNeg    + . .        h - +4 ring mail {rPois}
rPois   inf          (no helmet)
rElec   +            t - scarf {repulsion}
rCorr   .            (no gloves)
SInv    .            (no boots)
Will    .....        s - amulet of faith
Stlth   ++           m - +5 ring of evasion
HPRegen 0.30/turn    d - +6 ring of dexterity
MPRegen 0.13/turn

%: repel missiles, faith
@: no status effects
A: sickness immunity, AC +7, negative energy resistance 1, electricity
resistance, torment resistance 1, petrification resistance
a: Renounce Religion, Heroism


You were on level 10 of the Dungeon.
You worshipped Okawaru.
Okawaru was most pleased with you.
You visited 2 branches of the dungeon, and saw 10 of its levels.

You collected 394 gold pieces.
You spent 96 gold pieces at shops.


Innate Abilities, Weirdness & Mutations

You are immune to sickness and miasma.
Your stone body is resilient. (AC +7)
You are immune to poison.
You resist negative energy. (rN+)
You are resistant to electric shocks. (rElec)
You are resistant to unholy torment.
You are immune to petrification.


   Skills:
 - Level 8.1 Fighting
 + Level 11.1 Ranged Weapons
 - Level 2.0 Armour
 - Level 4.0 Dodging
 - Level 1.1 Stealth
 - Level 4.4 Invocations


You had 9 spell levels left.
You didn't know any spells.
Your spell library was empty.

Inventory:

Hand Weapons
 r - a +2 heavy orcbow (weapon)
Armour
 a - a +0 pair of gloves
 h - a +4 ring mail of poison resistance (worn)
 t - a scarf of repulsion (worn)
 u - a +0 pair of boots
Jewellery
 d - a +6 ring of dexterity (right hand)
 e - an amulet of regeneration
 f - a ring of protection from fire
 m - a +5 ring of evasion (left hand)
 s - an amulet of faith (around neck)
Scrolls
 l - a scroll of identify
 n - 2 scrolls of teleportation
 q - a scroll of enchant armour
Potions
 b - a potion of resistance {unknown}
 c - a potion of berserk rage {unknown}
 g - a potion of heal wounds
 i - a potion of lignification {unknown}
 j - a potion of haste {unknown}
 k - a potion of might {unknown}
 o - 2 potions of curing
 p - a potion of degeneration {unknown}

Dungeon Overview and Level Annotations

Branches:
Dungeon (8/15)             Temple (1/1) D:4
   Lair: D:8-11

Altars:
Ashenzari
Cheibriados
Dithmenos
Elyvilon
Fedhas
Gozag
Hepliaklqana
Kikubaaqudgha
Makhleb
Okawaru
Qazlal
Ru
Sif Muna
Uskayaw
Vehumet
Xom
Yredelemnul
Zin

Shops:
D:6 :   D:7 **


Message History

Autopickup is now on.
You start resting.
Something hits you but does no damage.
Deactivating autopickup; reactivate with Ctrl-A.
Something completely misses you.
Autopickup is now on.
You start resting.
Something hits you!
Deactivating autopickup; reactivate with Ctrl-A.
Autopickup is now on.
You start resting.
Something hits you.
Deactivating autopickup; reactivate with Ctrl-A.
Something barely misses you.
Autopickup is now on.
You start resting.
Something hits you but does no damage.
Deactivating autopickup; reactivate with Ctrl-A.
Something barely misses you.
Autopickup is now on.
You start resting.
Something hits you but does no damage.
Deactivating autopickup; reactivate with Ctrl-A.
You shoot an arrow.
Something hits you. x2; Something hits you but does no damage.
You shoot an arrow.
Something barely misses you. x2; Something closely misses you.
Something hits you but does no damage.
You shoot an arrow. Something hits you. Something hits you but does no damage.
You shoot an arrow. Something hits you but does no damage.
Something closely misses you. Something hits you but does no damage.
You shoot an arrow. Something hits you but does no damage.
You shoot an arrow.
Something hits you but does no damage. x2
You shoot an arrow. Something hits you but does no damage. Something hits you!
Something hits you.
You die...

#...##....##...
#..##..#.##..#
# ##....##....#
.#
#...##....##...
#..........)...
#...##....##..
#....##....#
#.##.{#.##..#
#. #.@..# ....
#. #.##..# ...
#. .... #......
#..## .##...
##. .. .# # ..
# #.. ...


There were no monsters in sight!

Vanquished Creatures
  Grinder (D:6)
  Sigmund (D:5)
  A wyvern (D:10)
  A yak (D:5)
  3 steam dragons
  A sky beast (D:6)
  An orc warrior (D:8)
  An ice beast (D:5)
  3 black bears
  3 centaurs
  A phantom (D:4)
  A kobold brigand (D:8)
  2 scorpions
  8 wights
  9 killer bees (D:7)
  2 howler monkeys
  A crimson imp (D:4)
  5 jellies
  2 hounds
  2 orc priests (D:8)
  2 iguanas (D:5)
  2 sleepcaps (D:7)
  An orc wizard (D:7)
  A gnoll (D:1)
  8 adders
  A shadow imp (D:8)
  2 white imps
  An ufetubus (D:5)
  A worm (D:2)
  2 dart slugs
  23 orcs
  9 endoplasms
  3 giant cockroaches
  8 goblins
  6 hobgoblins
  7 kobolds
  3 quokkas
  4 ball pythons
  7 bats
  A frilled lizard (D:2)
  6 rats
147 creatures vanquished.

Notes
Turn   | Place    | Note
-------+----------+-------------------------------------------
     0 | D:1      | qw the Gargoyle Hunter began the quest for the Orb.
     0 | D:1      | Reached XP level 1. HP: 12/12 MP: 1/1
     0 | D:1      | 0 ||| qw: Version: 0.3-a-74-g56b0e0c
     0 | D:1      | 0 ||| qw: Game counter: 8
     0 | D:1      | 0 ||| qw: Melee chars always use a shield: true
     0 | D:1      | 0 ||| qw: God list: Okawaru
     0 | D:1      | 0 ||| qw: Allow faded altars: false
     0 | D:1      | 0 ||| qw: Do Orc after clearing Dungeon:15 true
     0 | D:1      | 0 ||| qw: Do second Lair branch before Depths: true
     0 | D:1      | 0 ||| qw: Lair rune preference: random
     0 | D:1      | 0 ||| qw: Goals: Normal
     0 | D:1      | 0 ||| PLANNING D:1-11
   141 | D:1      | Reached XP level 2. HP: 17/17 MP: 2/2
   336 | D:1      | Reached XP level 3. HP: 21/21 MP: 3/3
   463 | D:1      | Reached skill level 5 in Ranged Weapons
   468 | D:1      | 468 ||| UPGRADING to +4 ring mail of poison resistance.
   478 | D:1      | 478 ||| DROPPING +0 leather armour.
   479 | D:1      | 479 ||| UPGRADING to ring of protection from fire.
   480 | D:1      | 480 ||| READING scroll labelled PEOPNI JEAHIU.
   481 | D:1      | 481 ||| READING scroll labelled PAKEQU AHEYH.
   482 | D:1      | 482 ||| READING scroll labelled IVABBUVONT.
   483 | D:1      | 483 ||| DROPPING scroll of butterflies.
   661 | D:2      | Reached skill level 1 in Armour
   682 | D:2      | Found a radiant altar of Vehumet.
   861 | D:2      | Reached XP level 4. HP: 27/27 MP: 4/4
   943 | D:2      | Reached skill level 3 in Fighting
  1140 | D:2      | 1140 ||| READING scroll labelled GOYGEAP UCLA.
  1143 | D:2      | 1143 ||| READING scroll labelled CUPSEH AMEU.
  1436 | D:3      | Found a hazy altar of Hepliaklqana.
  1874 | D:3      | 1874 ||| DROPPING scarf of shadows.
  1875 | D:3      | 1875 ||| UPGRADING to +6 ring of dexterity.
  1876 | D:3      | 1876 ||| READING scroll labelled ODEFUH KALINO.
  1913 | D:4      | Found a staircase to the Ecumenical Temple.
  1914 | D:4      | 1914 ||| PLANNING TEMPLE
  1922 | Temple   | Entered the Ecumenical Temple
  1923 | Temple   | 1923 ||| PLANNING OKAWARU WORSHIP
  1930 | Temple   | Became a worshipper of Warmaster Okawaru
  1931 | Temple   | 1931 ||| PLANNING D:1-11
  2055 | D:4      | Reached XP level 5. HP: 32/32 MP: 5/5
  2432 | D:4      | Found a burning altar of Makhleb.
  2432 | D:4      | Found a broken altar of Ashenzari.
  2467 | D:4      | Noticed a phantom
  2478 | D:4      | Killed a phantom
  2479 | D:4      | Reached skill level 6 in Ranged Weapons
  2479 | D:4      | Reached XP level 6. HP: 32/37 MP: 6/6
  2654 | D:4      | 2654 ||| READING scroll labelled IGASCH ACACO.
  2655 | D:4      | 2655 ||| READING scroll labelled JYVYOLLECS.
  2656 | D:4      | 2656 ||| READING scroll labelled XYMOTR HO JIOR.
  2657 | D:4      | 2657 ||| READING scroll labelled GEJUNWEN SUOPP.
  2658 | D:4      | 2658 ||| DRINKING 2 emerald potions.
  2683 | D:5      | Entered Level 5 of the Dungeon
  2689 | D:5      | Noticed Sigmund
  2690 | D:5      | 2690 ||| RETREATING.
  2691 | D:5      | 2691 ||| Stepping ~*~*~tactically~*~*~ (retreating).
  2692 | D:5      | 2692 ||| Stepping ~*~*~tactically~*~*~ (retreating).
  2699 | D:5      | Killed Sigmund
  2699 | D:5      | Reached * piety under Okawaru
  2700 | D:5      | Reached XP level 7. HP: 29/44 MP: 7/7
  2700 | D:5      | 2700 ||| FLEEEEING.
  2701 | D:5      | 2701 ||| STAIRDANCE
  2817 | D:5      | Reached skill level 1 in Invocations
  2952 | D:5      | 2952 ||| INVOKING Heroism.
  2956 | D:5      | Reached skill level 7 in Ranged Weapons
  3090 | D:5      | Reached skill level 3 in Invocations
  3298 | D:5      | Reached ** piety under Okawaru
  3299 | D:5      | Reached XP level 8. HP: 49/49 MP: 10/10
  3493 | D:5      | 3493 ||| UPGRADING to +5 ring of evasion.
  3495 | D:5      | 3495 ||| READING scroll labelled WOASIKOAD.
  3512 | D:5      | Noticed a yak
  3517 | D:5      | 3517 ||| INVOKING Heroism.
  3522 | D:5      | Killed a yak
  3526 | D:5      | Reached skill level 8 in Ranged Weapons
  3693 | D:5      | 3693 ||| READING scroll labelled TORIOSTRUNN.
  3784 | D:6      | Found Eveif's Book Emporium.
  3800 | D:6      | 3800 ||| INVOKING Heroism.
  3899 | D:6      | Reached skill level 9 in Ranged Weapons
  4032 | D:6      | 4032 ||| READING scroll of enchant weapon.
  4032 | D:6      | 4032 ||| ENCHANTING +1 heavy shortbow.
  4088 | D:6      | 4088 ||| INVOKING Heroism.
  4090 | D:6      | Reached skill level 6 in Fighting
  4117 | D:6      | 4117 ||| INVOKING Heroism.
  4161 | D:6      | 4161 ||| INVOKING Heroism.
  4181 | D:6      | Noticed Grinder
  4183 | D:6      | Paralysed by Grinder for 5 turns
  4191 | D:6      | 4191 ||| INVOKING Heroism.
  4197 | D:6      | Killed Grinder
  4198 | D:6      | Reached skill level 3 in Dodging
  4198 | D:6      | Reached XP level 9. HP: 53/55 MP: 9/12
  4330 | D:6      | 4330 ||| UPGRADING to amulet of regeneration.
  4488 | D:7      | 4488 ||| SWAPPING to +2 heavy orcbow.
  4489 | D:7      | 4489 ||| DROPPING +2 heavy shortbow.
  4522 | D:7      | Found Zokhlune's General Store.
  4526 | D:7      | Found Waesu's Specific Store.
  4530 | D:7      | 4530 ||| BUYING potion of curing (48 gold).
  4530 | D:7      | Bought a potion of curing for 48 gold pieces
  4530 | D:7      | 4530 ||| BUYING scroll of teleportation (48 gold).
  4530 | D:7      | Bought a scroll of teleportation for 48 gold pieces
  4573 | D:7      | 4573 ||| INVOKING Heroism.
  4597 | D:7      | 4597 ||| INVOKING Heroism.
  4601 | D:7      | 4601 ||| Stepping ~*~*~tactically~*~*~ (cloud).
  4602 | D:7      | 4602 ||| Stepping ~*~*~tactically~*~*~ (cloud).
  4604 | D:7      | Reached skill level 10 in Ranged Weapons
  4732 | D:7      | 4732 ||| RETREATING.
  5194 | D:7      | 5194 ||| Stepping ~*~*~tactically~*~*~ (water).
  5210 | D:7      | 5210 ||| UPGRADING to scarf of repulsion.
  5215 | D:7      | 5215 ||| UPGRADING to amulet of faith.
  5225 | D:7      | 5225 ||| READING 2 scrolls of identify.
  5225 | D:7      | 5225 ||| IDENTIFYING yellow potion
  5226 | D:7      | 5226 ||| DROPPING potion of ambrosia.
  5252 | D:8      | 5252 ||| INVOKING Heroism.
  5257 | D:8      | 5257 ||| STAIRDANCE
  5275 | D:8      | 5275 ||| INVOKING Heroism.
  5276 | D:8      | 5276 ||| Stepping ~*~*~tactically~*~*~ (cloud).
  5282 | D:8      | Reached *** piety under Okawaru
  5284 | D:8      | 5284 ||| FLEEEEING.
  5285 | D:8      | 5285 ||| STAIRDANCE
  5285 | D:8      | HP: 14/57 [something/ball of steam (10)]
  5436 | D:8      | 5436 ||| STAIRDANCE
  5483 | D:8      | 5483 ||| STAIRDANCE
  5485 | D:7      | 5485 ||| Stepping ~*~*~tactically~*~*~ (retreating).
  5486 | D:7      | 5486 ||| Stepping ~*~*~tactically~*~*~ (retreating).
  5487 | D:7      | 5487 ||| Stepping ~*~*~tactically~*~*~ (retreating).
  5488 | D:7      | 5488 ||| Stepping ~*~*~tactically~*~*~ (retreating).
  5496 | D:7      | 5496 ||| INVOKING Heroism.
  5561 | D:8      | 5561 ||| STAIRDANCE
  5635 | D:8      | 5635 ||| STAIRDANCE
  5642 | D:8      | 5642 ||| INVOKING Heroism.
  5646 | D:8      | Reached skill level 11 in Ranged Weapons
  5680 | D:8      | 5680 ||| INVOKING Heroism.
  5758 | D:8      | 5758 ||| RETREATING.
  5760 | D:8      | 5760 ||| INVOKING Heroism.
  5761 | D:8      | 5761 ||| Stepping ~*~*~tactically~*~*~ (retreating).
  5762 | D:8      | 5762 ||| Stepping ~*~*~tactically~*~*~ (retreating).
  5765 | D:8      | 5765 ||| Stepping ~*~*~tactically~*~*~ (retreating).
  5766 | D:8      | 5766 ||| Stepping ~*~*~tactically~*~*~ (retreating).
  5767 | D:8      | 5767 ||| Stepping ~*~*~tactically~*~*~ (retreating).
  5768 | D:8      | 5768 ||| Stepping ~*~*~tactically~*~*~ (retreating).
  5769 | D:8      | 5769 ||| Stepping ~*~*~tactically~*~*~ (retreating).
  5774 | D:8      | Reached XP level 10. HP: 60/63 MP: 13/13
  5819 | D:8      | You fall into a shaft and drop 2 floors!
  5819 | D:10     | Entered Level 10 of the Dungeon
  5881 | D:10     | 5881 ||| Stepping randomly (disturbance).
  5882 | D:10     | 5882 ||| Stepping randomly (disturbance).
  5895 | D:10     | 5895 ||| Stepping randomly (disturbance).
  5896 | D:10     | 5896 ||| Stepping randomly (disturbance).
  5908 | D:10     | 5908 ||| Stepping randomly (disturbance).
  5909 | D:10     | 5909 ||| Stepping randomly (disturbance).
  5922 | D:10     | HP: 16/64 [something (1)]
  5927 | D:10     | HP: 6/64 [something (3)]
  5931 | D:10     | HP: 1/64 [something (7)]
  5931 | D:10     | Slain by an unseen horror

Levels and vault maps discovered:
D:1:      shiori_arrival_elements, layout_basic, serial_glass, glass_columns_a,
          glass_columns_c, glass_columns_c, glass_columns_a
D:2:      layout_loops_ring, basic_altar, serial_forest,
          infiniplex_forest_straight_3, infiniplex_forest_clump_curved,
          infiniplex_forest_end_double, infiniplex_forest_clump_diagonal,
          infiniplex_forest_straight_5
D:3:      layout_basic, mainiacjoe_overflow_six_doors_small
D:4:      layout_loops_ring, gammafunk_temple_overflow_elements,
          minmay_temple_entry_statues_fountains, minmay_fire_ice_demons
D:5:      minmay_chambers_of_fours, layout_loops_cross,
          minmay_misc_feat_diagonals, nicolae_letterblocks
          [nicolae_letter_subblock, nicolae_letter_subblock,
          nicolae_letter_subblock, nicolae_letter_subblock,
          nicolae_letter_subblock, nicolae_letter_subblock,
          nicolae_letter_subblock, nicolae_letter_subblock,
          nicolae_letter_subblock, nicolae_letter_subblock,
          nicolae_letter_subblock, nicolae_letter_subblock,
          nicolae_letter_subblock, nicolae_letter_subblock,
          nicolae_letter_subblock, nicolae_letter_subblock,
          nicolae_letter_subblock, nicolae_letter_subblock,
          nicolae_letter_subblock, nicolae_letter_subblock,
          nicolae_letter_subblock, nicolae_letter_subblock,
          nicolae_letter_subblock, nicolae_letter_subblock,
          nicolae_letter_subblock], uniq_sigmund
D:6:      layout_loops_ring, serial_shops, shop, uniq_grinder
D:7:      layout_basic, enter_bailey_4, nicolae_specific_store, corner_web_ring
D:8:      layout_rooms, lightli_temple_of_fire, fiery_altar_vehumet,
          pdpol_wu_jian_five_deadly_venoms, minmay_misc_feat_room,
          chequers_avenue, uniq_prince_ribbit1
D:10:     layout_basic, dpeg_oklobed_lair, chequers_serial_rivers_small_b,
          chequers_serial_rivers_marsh, nicolae_stop_n_shop_1, nicolae_wwwww
Temple:   eino_narrow_crystal_temple

Skill      XL: |  1  2  3  4  5  6  7  8  9 10 |
---------------+-------------------------------+-----
Ranged Weapons | 5 6 7 9 11 | 11.1
Armour         | 1 2 |  2.0
Fighting       | 3 5 6 7 8 |  8.1
Dodging        | 2 3 4 |  4.0
Invocations    | 3 4 |  4.4
Stealth        | |  1.1

Action                     |  1- 3 |  4- 6 |  7- 9 | 10-12 || total
---------------------------+-------+-------+-------+-------++-------
   Fire: Shortbow          |   111 |   115 |   140 |       ||   366
         Orcbow            |       |       |    90 |    18 ||   108
 Invoke: Heroism           |       |       |    15 |       ||    15
    Use: Scroll            |     3 |     7 |     4 |       ||    14
         Potion            |       |     1 |       |       ||     1
 Armour: Leather armour    |     8 |       |       |       ||     8
         Ring mail         |    14 |    26 |    77 |    24 ||   141
  Dodge: Dodged            |    16 |    37 |   233 |    20 ||   306
         Repelled          |       |       |     1 |       ||     1

Table legend:
 A = Non-vault XP
 B = Vault XP
 C = Vault XP percentage of total XP
 D = Non-vault monster count
 E = Vault monster count
 F = Vault count percentage of total count
                 A         B        C        D         E       F
            +---------+---------+-------+---------+---------+-------
      Total |    4142 |     970 |  19.0 |     132 |      15 |  10.2
            +---------+---------+-------+---------+---------+-------
        D:1 |      39 |       0 |   0.0 |      16 |       0 |   0.0
        D:2 |      79 |       0 |   0.0 |      24 |       0 |   0.0
        D:3 |      27 |       0 |   0.0 |       9 |       0 |   0.0
        D:4 |     146 |      58 |  28.4 |      13 |       2 |  13.3
        D:5 |     626 |     615 |  49.6 |      15 |       7 |  31.8
        D:6 |     734 |     286 |  28.0 |      15 |       1 |   6.2
        D:7 |    1397 |      11 |   0.8 |      22 |       5 |  18.5
        D:8 |     884 |       0 |   0.0 |      17 |       0 |   0.0
       D:10 |     210 |       0 |   0.0 |       1 |       0 |   0.0
            +---------+---------+-------+---------+---------+-------
